AoeStats
← GORGORY

Black Forest

505671151Analyzed
1v1 RM · 23d ago on Sep 10, 2026· 39m 37s· 2 players
Game mode
Random Map
Map size
Tiny (2 player)
Population
200
Speed
Normal
Resources
Standard
Victory
Conquest
Starting age
Dark Age
Ending age
Imperial Age
RankedLock teamsTeams togetherTeam positionsShared explorationLock speedFull tech treeHidden civsTurbo modeCheats
Victory
Defeat
🇪🇸 Celts · Spain
1063
+15
🇦🇷 Ethiopians · Argentina
1047
-15
GORGORY
7:07 Loom
9:56 Feudal Age
10:22 Double-Bit Axe
10:54 Horse Collar
14:53 Wheelbarrow
19:11 Castle Age
17:57 Stone Mining
18:22 Gold Mining
18:53 Gold Mining
19:24 Gold Mining
20:46 Fervor
22:28 Town Watch
23:39 Bow Saw
23:30 Heavy Plow
26:51 Ballistics
26:40 Scale Mail Armor
26:32 Fletching
28:11 Murder Holes
28:42 Padded Archer Armor
28:09 Crossbowman
29:38 Bodkin Arrow
29:58 Leather Archer Armor
30:24 Thumb Ring
31:33 Hand Cart
36:29 Imperial Age
34:00 Town Patrol
34:15 Scale Mail Armor
34:56 Squires
34:42 Arson
35:51 Gold Shaft Mining
36:43 Forging
36:48 Chain Mail Armor
37:39 Conscription
37:19 Capped Ram
39:46 Stone Shaft Mining
39:27 Arbalester
Turkank'mon
1:00 Loom
10:58 Feudal Age
11:24 Double-Bit Axe
15:18 Horse Collar
19:46 Castle Age
18:01 Gold Mining
18:07 Stone Mining
19:18 Gold Mining
20:51 Bow Saw
26:54 Ballistics
32:03 Wheelbarrow
36:42 Imperial Age
35:23 Hand Cart
37:16 Heavy Scorpion
39:09 Chemistry
38:14 Siege Engineers
39:43 Forging
39:34 Scale Mail Armor
Connection lost

Rejoining the realm…

Still unreachable

The connection could not be restored.

Session expired

The server has moved on; the page needs a fresh start.